 Dungeon Crawl Stone Soup version 0.31-a0-844-gdc52ec4e09 (webtiles) character file.

Game seed: 14097529610403361385

46 Kurtz the Chopper (level 3, -2/26 HPs)
             Began as an Octopode Fighter on Sept 30, 2023.
             Slain by a gnoll
             ... wielding a +3 spear
              (12 damage)
             ... on level 2 of the Dungeon.
             The game lasted 00:00:37 (846 turns).

Kurtz the Chopper (Octopode Fighter)                 Turns: 846, Time: 00:00:38

Health: -2/26      AC:  1    Str: 15    XL:     3   Next: 68%
Magic:  3/3        EV: 13    Int: 10    God:
Gold:   32         SH:  4    Dex: 13    Spells: 2/2 levels left

rFire   . . .        a - +0 war axe
rCold   . . .        b - +0 buckler
rNeg    . . .        (helmet restricted)
rPois   .            e - amulet of the acrobat
rElec   .            (no ring)
rCorr   .            (no ring)
SInv    .            (no ring)
Will    .....        (no ring)
Stlth   ++           (no ring)
HPRegen 0.24/turn    (no ring)
MPRegen 0.08/turn    (no ring)
                     (no ring)

%: acrobat
@: no status effects
A: almost no armour, amphibious, 8 rings, camouflage 1, gelatinous body 1,
(nimble swimmer 1), tentacles
a: no special abilities


You were on level 2 of the Dungeon.
You visited 1 branch of the dungeon, and saw 2 of its levels.

You collected 32 gold pieces.

Inventory:

Hand Weapons
 a - a +0 war axe (weapon)
Armour
 b - a +0 buckler (worn)
Jewellery
 e - an amulet of the acrobat (around mantle)
Scrolls
 d - a scroll of amnesia {unknown}
 h - 2 scrolls of identify {unknown}
Potions
 c - a potion of might
 f - a potion of attraction {unknown}
 g - a potion of degeneration {unknown}


   Skills:
 - Level 3.0 Fighting
 * Level 3.9 Axes
 - Level 3.0 Dodging
 - Level 3.0 Shields


You had 2 spell levels left.
You didn't know any spells.
Your spell library contained the following spells:

 Spells                   Type           Power      Damage    Failure   Level
 Magic Dart               Conj           0%         1d3       45%         1
 Summon Small Mammal      Summ           0%         N/A       45%         1
 Call Canine Familiar     Summ           0%         N/A       83%         3
 Summon Guardian Golem    Hex/Summ       0%         N/A       83%         3
 Manifold Assault         Tloc           0%         N/A       99%         4
 Petrify                  Tmut/Erth      0%         N/A       99%         4
 Sticky Flame             Conj/Fire      0%         2d3       99%         4
 Dispersal                Tloc           0%         N/A       100%        6
 Disjunction              Tloc           0%         N/A       100%        8


Dungeon Overview and Level Annotations

Branches:
Dungeon (2/15)

Altars:


Innate Abilities, Weirdness & Mutations

You cannot wear most types of armour.
You are amphibious.
You can wear up to eight rings at the same time.
Your skin changes colour to match your surroundings (Stealth+).
Your rubbery body absorbs attacks. (AC +1, EV +1)
((You are camouflaged when in or above water. (Stealth+)))
You have tentacles for arms and can constrict up to eight enemies at once.


Message History

You kill the bat!
No target in view!
Done exploring.
No target in view!
Done exploring.
Done exploring.
There is a stone staircase leading down here.
You climb downwards.
There is a stone staircase leading up here.
No target in view! 3 gnolls come into view.
A kobold and an endoplasm come into view.
The gnoll shouts!
The endoplasm quivers.
The gnoll shouts! x2; The kobold shouts!
You hear a shout!
There are monsters nearby!
You closely miss the gnoll. You grab the gnoll. You constrict the gnoll.
The gnoll hits you from afar with a +3 spear.
The gnoll struggles to escape constriction.
You slash the gnoll!
You kill the gnoll!
The gnoll hits you from afar with a +3 spear.
There are monsters nearby!
The gnoll completely misses you. The gnoll misses you.
Things that are here:
a +0 whip; a gnoll corpse
There are monsters nearby!
You hit the gnoll. You grab the gnoll.
The gnoll is lightly wounded.
You barely miss the gnoll. You constrict the gnoll.
The gnoll hits you with a +0 spear. The gnoll hits you with a +3 spear.
You are too injured to fight recklessly!
Unknown command.
You are too injured to fight recklessly!
You are too injured to fight recklessly!
Unknown command.
You closely miss the gnoll. You grab the gnoll.
You hit the gnoll but do no damage. You constrict the gnoll. x2
The gnoll hits you with a +3 spear!
You die...

... #.# #.#
#######.#
.......<#
#######.#
...####.# .#
........####...#.
####.....@gJ.....
####...gK.....
#######.#.# .. .


You could see 2 gnolls, an endoplasm and a kobold.

Vanquished Creatures
  A gnoll (D:2)
  A dart slug (D:1)
  2 ball pythons (D:1)
  7 endoplasms (D:1)
  2 giant cockroaches (D:1)
  2 goblins (D:1)
  4 hobgoblins (D:1)
  A kobold (D:1)
  A quokka (D:1)
  2 bats (D:1)
  2 frilled lizards (D:1)
  7 rats (D:1)
32 creatures vanquished.

Notes
Turn   | Place    | Note
-------+----------+-------------------------------------------
     0 | D:1      | Kurtz the Octopode Fighter began the quest for the Orb.
     0 | D:1      | Reached XP level 1. HP: 16/16 MP: 1/1
    21 | D:1      | Reached XP level 2. HP: 10/21 MP: 2/2
   522 | D:1      | Reached XP level 3. HP: 23/26 MP: 3/3
   562 | D:1      | Found a faded altar of an unknown god.
   582 | D:1      | Got an illuminated book
   846 | D:2      | Slain by a gnoll

Illustrated notes

Levels and vault maps discovered:
D:1:      orjb1_lava_funnel, layout_rooms, shapermc_ecumenical_altar_notcrosses,
          dreamdust_princess_corridor
D:2:      layout_basic, basic_altar, minmay_distorted, uniq_jessica,
          uniq_crazy_yiuf_cottage

Skill      XL: |  1  2 |
---------------+-------+-----
Axes           | 3 |  3.9
Fighting       | |  3.0
Dodging        | |  3.0
Shields        | |  3.0

Action                     || total
---------------------------++-------
  Melee: War axe           ||    48
         Constrict         ||    10
         Tentacles         ||     5
   Stab: Sleeping          ||    11
 Armour: Skin              ||    14
  Dodge: Dodged            ||    19
  Block: Buckler           ||     2

Table legend: (Time is in decaauts)
 A = Elapsed time spent in this place.
 B = Non-inter-level travel time spent in this place.
 C = Inter-level travel time spent in this place.
 D = Time resting spent in this place.
 E = Time spent auto-exploring this place.
 F = Levels seen in this place.
 G = Mean time per level.
                   A        B        C        D        E       F      G
               +--------+--------+--------+--------+--------+-----+--------+
         Total |    863 |    861 |      2 |    354 |    323 |   2 |  431.5 |
       Dungeon |    863 |    861 |      2 |    354 |    323 |   2 |  431.5 |
               +--------+--------+--------+--------+--------+-----+--------+

Top non-repeatable levels by time:
     D:1: 853 daAuts
     D:2: 9 daAuts
